 Dungeon Crawl Stone Soup version 0.23.2-40-g277498a001 (webtiles) character file.

Game seed: 15190746454624483925

1488 Aggronaut the Cleaver (level 8, -4/63 HPs)
             Began as a Red Draconian Berserker on Sept 27, 2019.
             Was a Priest of Trog.
             Slain by a wight
             ... wielding a +2 falchion
              (5 damage)
             ... on level 7 of the Dungeon.
             The game lasted 00:10:49 (6052 turns).

Aggronaut the Cleaver (Red Draconian Berserker)     Turns: 6052, Time: 00:10:50

Health: -4/63      AC:  6    Str: 21    XL:     8   Next: 51%
Magic:  8/8        EV: 12    Int:  8    God:    Trog [***...]
Gold:   223        SH:  0    Dex: 11    Spells: 7/7 levels left

rFire    + + .     SeeInvis .   a - +1 hand axe
rCold    . . .     Gourm    .   (no shield)
rNeg     . . .     Faith    .   (armour unavailable)
rPois    .         Spirit   .   (helmet restricted)
rElec    .         Reflect  .   (no cloak)
rCorr    .         Harm     .   (no gloves)
MR       .....                  (no boots)
Stlth    +.........             (no amulet)
HPRegen  0.20/turn              (no ring)
MPRegen  0.11/turn              f - ring of protection from fire

@: berserk cooldown, starving, slowed, heavily drained, very slow
A: breathe fire, unfitting armour, fire resistance 1, cold-blooded, AC +6
a: Breathe Fire, Berserk, Trog's Hand, Renounce Religion


You were on level 7 of the Dungeon.
You worshipped Trog.
Trog was most pleased with you.
You were starving.

You visited 2 branches of the dungeon, and saw 8 of its levels.

You collected 223 gold pieces.

Inventory:

Hand Weapons
 a - a +1 hand axe (weapon)
Armour
 e - a +0 shield
Jewellery
 c - an uncursed amulet of regeneration {unknown}
 f - a ring of protection from fire (right hand)
 i - an uncursed ring of ice
 j - an uncursed ring of protection from fire
 r - a +5 ring of protection {unknown}
 s - a cursed -2 ring of intelligence {unknown}
Wands
 v - a wand of polymorph (4)
Scrolls
 d - a scroll of teleportation
 n - 2 scrolls of remove curse
 o - 2 scrolls of identify {unknown}
 t - a scroll of magic mapping {unknown}
 u - a scroll of immolation {unknown}
 w - a scroll of enchant weapon
Potions
 g - 3 potions of agility {unknown}
 h - 2 potions of mutation {unknown}
 k - 2 potions of flight {unknown}
 l - 2 potions of curing {unknown}
 m - 2 potions of haste {unknown}
 p - a potion of brilliance {unknown}
 q - 2 potions of heal wounds
Comestibles
 b - 11 rations


   Skills:
 - Level 3.4(2.0) Fighting
 * Level 9.4(7.7) Axes
 - Level 2.9(1.4) Dodging
 - Level 0.4(0.0) Stealth
 - Level 5.3(3.8) Shields


You had 7 spell levels left.
You didn't know any spells.
Your spell library contained the following spells:

 Spells                   Type           Power        Failure   Level  Hunger
 Corona                   Hex            #......      41%         1    ##.....
 Ensorcelled Hibernation  Hex/Ice        #.....       54%         2    ###....
 Confuse                  Hex            #.......     78%         3    ####...
 Dazzling Spray           Conj/Hex       #.....       78%         3    ####...
 Tukima's Dance           Hex            #.......     78%         3    ####...


Dungeon Overview and Level Annotations

Branches:
Dungeon (7/15)             Temple (1/1) D:6

Altars:
Ashenzari
Cheibriados
Elyvilon
Fedhas
Gozag
Hepliaklqana
Kikubaaqudgha
Makhleb
Nemelex Xobeh
Okawaru
Qazlal
Ru
Trog
Vehumet
Wu Jian
Xom
Yredelemnul
Zin
The Shining One


Innate Abilities, Weirdness & Mutations

You can breathe blasts of fire.
Your fiery red scales are hard. (AC +6)
You cannot fit into any form of body armour.
Your flesh is heat resistant. (rF+)
You are cold-blooded and may be slowed by cold attacks.


Message History

The centaur zombie misses you. The centaur zombie closely misses you.
An orc comes into view.
The ogre completely misses you. The centaur zombie misses you.
The centaur zombie barely misses you.
The ogre hits you with a +0 giant club!!
* * * LOW HITPOINT WARNING * * *
The centaur zombie misses you.
An orc comes into view. It is wielding a +0 mace.
An orc priest comes into view. It is wielding a +0 short sword.
The orc priest shouts!
The orc closely misses you.
The orc throws a tomahawk.
The tomahawk barely misses you. The centaur zombie closely misses you.
You see here a tomahawk.
The orc barely misses you.
The orc priest looks braver for a moment.
The orc hits you but does no damage. The centaur zombie hits you.
* * * LOW HITPOINT WARNING * * *
The centaur zombie hits you but does no damage.
The wight hits you with a +2 falchion.
You die...

##.# .#.(##. #...
.#..... #..# ......
#..# )#..# #..#
##....##.
#..###........
#.<†).......%.
#..###........
#@zz..........
####.#Z##.#.......#
.......oO.###......#
#####o..##.# .......
#..## #.###....# #..
.# ..... #.. # ....#
#.. .# #..


You could see an ogre, 2 wights, an orc priest, an orc and a centaur zombie.

Vanquished Creatures
  A hornet (D:5)
  Edmund (D:4)
  2 necrophages
  2 centaurs (D:6)
  An ogre (D:6)
  A scorpion (D:5)
  7 wights
  A howler monkey (D:7)
  A bullfrog zombie (D:6)
  A hound (D:5)
  2 orc priests (D:5)
  An orc wizard (D:3)
  A worker ant (D:5)
  A hound zombie (D:6)
  A hound skeleton (D:6)
  A mummy (D:6)
  9 adders
  An adder skeleton (D:4)
  2 worms (D:2)
  A dart slug (D:1)
  6 leopard geckos
  6 orcs
  4 giant cockroaches
  7 goblins
  9 hobgoblins
  3 quokkas
  2 bats (D:3)
  10 frilled lizards
  2 hobgoblin zombies (D:6)
  2 kobolds (D:2)
  A kobold zombie (D:6)
  An orc zombie (D:6)
  4 rats
95 creatures vanquished.

Notes
Turn   | Place    | Note
-------+----------+-------------------------------------------
     0 | D:1      | Aggronaut the Draconian Berserker began the quest for the
                  | Orb.
     0 | D:1      | Reached XP level 1. HP: 19/19 MP: 1/1
   562 | D:1      | Reached XP level 2. HP: 20/26 MP: 2/2
  1138 | D:2      | Reached XP level 3. HP: 29/31 MP: 3/3
  1289 | D:2      | Reached skill level 4 in Axes
  1299 | D:2      | Reached ** piety under Trog
  1455 | D:2      | Reached skill level 1 in Shields
  1462 | D:2      | Found a radiant altar of Vehumet.
  1650 | D:3      | Found a shattered altar of Ashenzari.
  1665 | D:3      | Reached XP level 4. HP: 26/38 MP: 4/4
  1997 | D:3      | Found an ornate altar of the Wu Jian Council.
  1999 | D:3      | Found an opulent altar of Gozag.
  2001 | D:3      | Found a shimmering altar of Xom.
  2378 | D:3      | Found a burning altar of Makhleb.
  2387 | D:3      | Found a glowing silver altar of Zin.
  2387 | D:3      | Noticed an angel
  2388 | D:3      | Noticed an Executioner
  2714 | D:4      | Reached skill level 5 in Axes
  2714 | D:4      | Reached XP level 5. HP: 45/45 MP: 5/5
  2855 | D:4      | Noticed Edmund
  2883 | D:4      | Killed Edmund
  2883 | D:4      | Reached XP level 6. HP: 21/51 MP: 6/6
  3624 | D:5      | Entered Level 5 of the Dungeon
  3638 | D:5      | Reached skill level 6 in Axes
  4162 | D:5      | Noticed a hornet
  4170 | D:5      | Killed a hornet
  4170 | D:5      | Reached skill level 7 in Axes
  4170 | D:5      | Your scales start taking on a fiery red colour.
  4170 | D:5      | Reached XP level 7. HP: 42/56 MP: 7/7
  4170 | D:5      | Gained mutation: Your flesh is heat resistant. (rF+) [Red
                  | Draconian growth]
  4862 | D:6      | Reached skill level 8 in Axes
  4910 | D:6      | Found a staircase to the Ecumenical Temple.
  4924 | D:6      | Reached XP level 8. HP: 62/62 MP: 8/8
  4957 | D:6      | Reached skill level 5 in Shields
  5027 | Temple   | Entered the Ecumenical Temple
  5653 | D:6      | Reached *** piety under Trog
  6025 | D:7      | Reached skill level 9 in Axes
  6041 | D:7      | HP: 2/60 [wight/+2 falchion (14)]
  6051 | D:7      | HP: 1/63 [centaur zombie (5)]
  6052 | D:7      | Slain by a wight

Skill      XL: |  1  2  3  4  5  6  7  8 |
---------------+-------------------------+-----
Axes           | 4 5 7 8 9 |  9.4
Shields        | 1 2 4 5 |  5.3
Fighting       | |  3.4
Dodging        | |  2.9
Stealth        | |  0.4

Action                   |  1- 3 |  4- 6 |  7- 9 || total
-------------------------+-------+-------+-------++-------
Melee: Hand axe          |    96 |   171 |   117 ||   384
       Tailslap          |     7 |    21 |    17 ||    45
Invok: Berserk           |     1 |     4 |     3 ||     8
 Abil: Breathe Fire      |       |       |     1 ||     1
  Use: Scroll            |     4 |     2 |       ||     6
       Potion            |       |       |     2 ||     2
 Stab: Sleeping          |       |     1 |       ||     1
  Eat: Chunk             |     3 |     7 |     5 ||    15
       Ration            |       |     1 |     1 ||     2
Armor: Skin              |    25 |    33 |    29 ||    87
Dodge: Dodged            |    61 |    94 |    57 ||   212
Block: Shield            |       |       |    49 ||    49
